Tampa Bay Lightning vs St.Louis Blues
(R1)
Created - Saturday, December 21, 2024 at 08:26
Goals
|
| Tampa Bay Lightning |
0 |
0 |
1 |
1 |
| St.Louis Blues |
0 |
2 |
0 |
2 |
|
Shots
|
| Tampa Bay Lightning |
9 |
10 |
15 |
34 |
| St.Louis Blues |
6 |
17 |
8 |
31 |
|
1st period
No Goal
Penalties :
Alex Tuch (STL) for Cross-checking (Minor) at 8:59, Hampus Lindholm (TBL) for High sticking (Minor) at 15:05
2nd period
1. St.Louis Blues , Elias Pettersson 3 (Jake Guentzel 4) at 12:24 (PP)
2. St.Louis Blues , Mark Stone 3 (Jaccob Slavin 2) at 16:06
Penalties :
Alex Tuch (STL) for Interference (Minor) at 7:09, Hampus Lindholm (TBL) for Tripping (Minor) at 11:25, Darnell Nurse (TBL) for Slashing (Minor) at 16:18
3rd period
3. Tampa Bay Lightning , Dylan Cozens 2 (Trevor Moore 1, Hampus Lindholm 2) at 6:21
Penalties :
Dakota Joshua (STL) for Tripping (Minor) at 3:04, Anze Kopitar (TBL) for Roughing (Minor) at 6:58, Yanni Gourde (STL) for Tripping (Minor) at 15:32
Goalie Stats
Jeremy Swayman (TBL), 29 saves from 31 shots - (0.935), L, 3-3-1, 59:05 minutes
Connor Hellebuyck (STL), 33 saves from 34 shots - (0.971), W, 4-2-1, 60:00 minutes
Players Stats for Tampa Bay Lightning
Player Name G A P +/- PIM S H SB GA TA FO MP PP MP PK MP
------------------------------------------------------------------------------------
Alexander Kerfoot 0 0 0 0 0 1 1 1 0 0 1/1 9:48 0:00 3:16
Anze Kopitar 0 0 0 -1 2 2 1 0 0 1 15/22 20:35 3:43 0:06
Brent Burns 0 0 0 0 0 2 0 0 0 0 0/0 20:06 3:21 3:30
Darnell Nurse 0 0 0 0 2 0 4 0 0 1 0/0 18:36 3:21 1:48
Dylan Cozens 1 0 1 1 0 3 1 0 0 1 1/3 10:34 0:00 3:16
Gustav Nyquist 0 0 0 0 0 1 1 0 0 0 0/1 10:42 4:13 0:00
Hampus Lindholm 0 1 1 0 4 0 3 0 0 0 0/0 19:29 0:00 1:28
Jack Roslovic 0 0 0 0 0 0 0 0 0 0 0/0 6:34 0:00 0:04
Jason Dickinson 0 0 0 1 0 1 0 1 0 0 2/4 10:48 0:00 3:30
Johnny Gaudreau 0 0 0 0 0 4 1 0 0 0 0/1 19:04 4:13 0:00
Jonathan Huberdeau 0 0 0 -1 0 3 2 1 0 0 0/0 14:35 0:00 0:00
Kirill Kaprizov 0 0 0 -1 0 9 1 1 1 1 0/0 20:40 3:43 0:10
Michael Matheson 0 0 0 0 0 2 1 2 1 1 0/0 22:51 4:35 3:16
Moritz Seider 0 0 0 0 0 0 3 2 0 0 0/0 26:37 4:35 3:40
Roope Hintz 0 0 0 0 0 3 1 1 1 0 12/30 19:04 4:13 0:00
TJ Brodie 0 0 0 0 0 0 0 0 0 0 0/0 12:49 0:00 0:10
Travis Konecny 0 0 0 0 0 1 4 0 0 1 0/1 19:40 3:43 0:00
Trevor Moore 0 1 1 1 0 2 1 1 0 0 0/0 10:28 0:00 3:30
Players Stats for St.Louis Blues
Player Name G A P +/- PIM S H SB GA TA FO MP PP MP PK MP
------------------------------------------------------------------------------------
Alex Pietrangelo 0 0 0 -1 0 0 0 2 0 1 0/0 22:20 3:10 0:00
Alex Tuch 0 0 0 1 4 2 2 0 2 0 1/1 16:21 3:10 0:00
Claude Giroux 0 0 0 1 0 2 0 0 2 0 5/10 15:41 3:46 0:00
Colton Parayko 0 0 0 -1 0 2 0 2 0 0 0/0 23:33 0:00 4:20
Dakota Joshua 0 0 0 0 2 0 1 1 0 0 0/2 15:20 3:10 2:25
Elias Lindholm 0 0 0 0 0 5 1 0 0 0 4/8 18:08 3:10 4:01
Elias Pettersson 1 0 1 -1 0 5 1 0 0 0 1/2 19:40 3:46 0:05
Jaccob Slavin 0 1 1 1 0 0 0 2 0 0 0/0 19:59 0:00 3:36
Jake Guentzel 0 1 1 -1 0 4 3 0 1 1 0/0 19:09 3:46 0:00
Jake Sanderson 0 0 0 1 0 0 2 0 0 0 0/0 20:23 0:00 4:20
Lars Eller 0 0 0 0 0 1 0 0 0 0 2/6 11:32 0:00 3:50
Logan O'Connor 0 0 0 0 0 0 1 0 0 0 1/1 11:32 0:00 3:50
Mark Stone 1 0 1 1 0 3 2 0 0 0 0/0 15:02 3:10 0:00
Mikhail Sergachev 0 0 0 0 0 0 1 0 0 0 0/0 8:54 0:00 0:00
Nick Leddy 0 0 0 0 0 0 1 1 0 1 0/0 13:31 0:00 3:36
Robert Thomas 0 0 0 -1 0 4 1 1 1 0 17/32 21:16 3:46 1:41
Tage Thompson 0 0 0 0 0 1 1 1 0 0 1/1 13:02 3:46 0:00
Yanni Gourde 0 0 0 0 2 2 0 0 0 0 0/0 6:36 0:00 0:00
3 Stars
1 - Connor Hellebuyck (STL)
2 - Mark Stone (STL)
3 - Dylan Cozens (TBL)
Power Play
Tampa Bay Lightning - 0 on 5 Attempt(s) - 0.00%
St.Louis Blues - 1 on 3 Attempt(s) - 33.33%
Penalty Kill
Tampa Bay Lightning - 2 on 3 Attempt(s) - 66.67%
- Score 0 goal in Penalty Kill
St.Louis Blues - 5 on 5 Attempt(s) - 100.00%
- Score 0 goal in Penalty Kill
Team Stat
Tampa Bay Lightning - Hits : 25 - Faceoff Wins : 31 - Blocked Shots : 10 - Penalty Minutes : 8
St.Louis Blues - Hits : 17 - Faceoff Wins : 32 - Blocked Shots : 10 - Penalty Minutes : 8
Official
Referees : Gord Dwyer and Jon Mcisaac
Linesman : Michel Cormier and Trent Knorr
Game Notes
0:49 of 3rd period - Penalty Shot by Jake Sanderson for St.Louis Blues - Stopped by Jeremy Swayman
Finance
Level 1 -- Attendance: 6000 (100.00%) -- Ticket Income $570,000
Level 2 -- Attendance: 5000 (100.00%) -- Ticket Income $285,000
Level 3 -- Attendance: 3000 (100.00%) -- Ticket Income $99,000
Level 4 -- Attendance: 5000 (100.00%) -- Ticket Income $115,000
Luxury Box -- Attendance: 1000 (100.00%) -- Ticket Income $194,000
Game was played at the Scottrade Center.
Total Attendance: 20000 (100.00%)
Total Ticket Income: $1,263,000
Other Income: $442,050
Total Income: $1,705,050
Tampa Bay Lightning
5 vs 5 Forward
Center Left Wing Right Wing Time % Phy DF OF
1 Anze Kopitar Kirill Kaprizov Jonathan Huberdeau 40 0 2 3
2 Roope Hintz Johnny Gaudreau Travis Konecny 38 0 3 2
3 Jason Dickinson Dylan Cozens Trevor Moore 12 0 2 3
4 Alexander Kerfoot Jack Roslovic Gustav Nyquist 10 0 2 3
5 vs 5 Defense
Defense Defense Time % Phy DF OF
1 Moritz Seider Hampus Lindholm 40 1 2 2
2 Michael Matheson Darnell Nurse 35 1 2 2
3 Brent Burns TJ Brodie 25 1 2 2
4 Michael Matheson Brent Burns 0 1 2 2
PowerPlay Forward
Center Left Wing Right Wing Time % Phy DF OF
1 Roope Hintz Johnny Gaudreau Gustav Nyquist 50 1 2 2
2 Anze Kopitar Kirill Kaprizov Travis Konecny 50 1 2 2
PowerPlay Defense
Defense Defense Time % Phy DF OF
1 Michael Matheson Moritz Seider 50 1 2 2
2 Darnell Nurse Brent Burns 50 1 2 2
Penalty Kill 4 Players Forward
Center Wing Time % Phy DF OF
1 Jason Dickinson Trevor Moore 50 1 2 2
2 Dylan Cozens Alexander Kerfoot 50 1 2 2
Penalty Kill 4 Players Defense
Defense Defense Time % Phy DF OF
1 Moritz Seider Brent Burns 50 1 2 2
2 Michael Matheson Hampus Lindholm 50 1 2 2
Penalty Kill - 3 Players Forward
Forward Time % Phy DF OF
1 Anze Kopitar 50 1 2 2
2 Jason Dickinson 50 1 2 2
Penalty Kill - 3 Players Defense
Defense Defense Time % Phy DF OF
1 Michael Matheson Darnell Nurse 50 1 2 2
2 Moritz Seider Brent Burns 50 1 2 2
4 vs 4 Forward
Center Wing Time % Phy DF OF
1 Anze Kopitar Kirill Kaprizov 50 1 2 2
2 Dylan Cozens Travis Konecny 50 1 2 2
4 vs 4 Defense
Defense Defense Time % Phy DF OF
1 Michael Matheson Brent Burns 50 1 2 2
2 Moritz Seider Hampus Lindholm 50 1 2 2
Last Minutes Offensive
Center Left Wing Right Wing Defense Defense
Anze Kopitar Kirill Kaprizov Travis Konecny Michael Matheson Moritz Seider
Last Minutes Defensive
Center Left Wing Right Wing Defense Defense
Anze Kopitar Jason Dickinson Alexander Kerfoot Moritz Seider Michael Matheson
Goaltenders
Starting : Jeremy Swayman
Backup : Darcy Kuemper
Extra Forwards
Normal : Travis Konecny, Anze Kopitar, Trevor Moore - PP : Jonathan Huberdeau, Trevor Moore - PK : Anze Kopitar
Extra Defensemen
Normal : Brent Burns, Michael Matheson, Moritz Seider - PP : Hampus Lindholm - PK : Darnell Nurse, Michael Matheson
Penalty Shots
Trevor Moore, Gustav Nyquist, Alexander Kerfoot, Anze Kopitar, Jonathan Huberdeau
Scratches
None
St.Louis Blues
5 vs 5 Forward
Center Left Wing Right Wing Time % Phy DF OF
1 Robert Thomas Elias Pettersson Jake Guentzel 40 0 1 4
2 Claude Giroux Alex Tuch Mark Stone 30 0 2 3
3 Elias Lindholm Dakota Joshua Tage Thompson 25 0 3 2
4 Lars Eller Yanni Gourde Logan O'Connor 5 2 2 1
5 vs 5 Defense
Defense Defense Time % Phy DF OF
1 Colton Parayko Alex Pietrangelo 45 1 2 2
2 Jake Sanderson Jaccob Slavin 35 1 2 2
3 Mikhail Sergachev Nick Leddy 20 1 2 2
4 Alex Pietrangelo Colton Parayko 0 1 2 2
PowerPlay Forward
Center Left Wing Right Wing Time % Phy DF OF
1 Robert Thomas Elias Pettersson Jake Guentzel 60 1 0 4
2 Elias Lindholm Dakota Joshua Mark Stone 40 1 0 4
PowerPlay Defense
Defense Defense Time % Phy DF OF
1 Tage Thompson Claude Giroux 60 0 1 4
2 Alex Tuch Alex Pietrangelo 40 0 1 4
Penalty Kill 4 Players Forward
Center Wing Time % Phy DF OF
1 Lars Eller Logan O'Connor 50 1 4 0
2 Elias Lindholm Dakota Joshua 50 1 4 0
Penalty Kill 4 Players Defense
Defense Defense Time % Phy DF OF
1 Jake Sanderson Colton Parayko 50 1 4 0
2 Jaccob Slavin Nick Leddy 50 1 4 0
Penalty Kill - 3 Players Forward
Forward Time % Phy DF OF
1 Elias Lindholm 50 0 5 0
2 Lars Eller 50 0 5 0
Penalty Kill - 3 Players Defense
Defense Defense Time % Phy DF OF
1 Jake Sanderson Colton Parayko 50 0 5 0
2 Nick Leddy Jaccob Slavin 50 0 5 0
4 vs 4 Forward
Center Wing Time % Phy DF OF
1 Robert Thomas Elias Pettersson 50 0 2 3
2 Claude Giroux Jake Guentzel 50 0 2 3
4 vs 4 Defense
Defense Defense Time % Phy DF OF
1 Jake Sanderson Alex Pietrangelo 50 0 3 2
2 Colton Parayko Mikhail Sergachev 50 0 3 2
Last Minutes Offensive
Center Left Wing Right Wing Defense Defense
Robert Thomas Elias Pettersson Jake Guentzel Tage Thompson Claude Giroux
Last Minutes Defensive
Center Left Wing Right Wing Defense Defense
Lars Eller Logan O'Connor Elias Lindholm Jake Sanderson Colton Parayko
Goaltenders
Starting : Connor Hellebuyck
Backup : Scott Wedgewood
Extra Forwards
Normal : Robert Thomas, Mark Stone, Tage Thompson - PP : Mark Stone, Dakota Joshua - PK : Robert Thomas
Extra Defensemen
Normal : Jake Sanderson, Mikhail Sergachev, Colton Parayko - PP : Mikhail Sergachev - PK : Jaccob Slavin, Nick Leddy
Penalty Shots
Elias Pettersson, Tage Thompson, Alex Tuch, Robert Thomas, Jake Guentzel
Scratches
Jack Eichel (Lower Body Injury), Colin Blackwell (Healthy), Adam Pelech (Healthy)
% Time on Ice - Tampa Bay Lightning
Lines # - Real PCT - Wanted PCT - Time Play
Normal Forward
1 - 36% - 40% - 15:38
2 - 34% - 38% - 15:08
3 - 16% - 12% - 6:56
4 - 14% - 10% - 6:12
Normal Defense
1 - 38% - 40% - 16:50
2 - 34% - 35% - 15:01
3 - 27% - 25% - 12:03
4 - 0% - 0% - 0:00
PP Forward
1 - 53% - 50% - 4:13
2 - 47% - 50% - 3:43
PP Defense
1 - 58% - 50% - 4:35
2 - 42% - 50% - 3:21
PK Forward
1 - 51% - 50% - 3:31
2 - 49% - 50% - 3:25
PK Defense
1 - 50% - 50% - 3:30
2 - 50% - 50% - 3:26
PK3 Forward
1 - 0% - 50%
2 - 0% - 50%
PK3 Defense
1 - 0% - 50%
2 - 0% - 50%
44 Forward
1 - 0% - 50%
2 - 0% - 50%
44 Defense
1 - 0% - 50%
2 - 0% - 50%
Last Minute Offensive - 1:14
Last Minute Defensive - 0:00
Total
Forward - 60:00
Defense - 60:00
|
% Time on Ice - St.Louis Blues
Lines # - Real PCT - Wanted PCT - Time Play
Normal Forward
1 - 37% - 40% - 16:05
2 - 28% - 30% - 12:27
3 - 21% - 25% - 9:10
4 - 14% - 5% - 6:11
Normal Defense
1 - 44% - 45% - 19:13
2 - 36% - 35% - 15:46
3 - 20% - 20% - 8:54
4 - 0% - 0% - 0:00
PP Forward
1 - 54% - 60% - 3:46
2 - 46% - 40% - 3:10
PP Defense
1 - 54% - 60% - 3:46
2 - 46% - 40% - 3:10
PK Forward
1 - 49% - 50% - 3:55
2 - 51% - 50% - 4:01
PK Defense
1 - 55% - 50% - 4:20
2 - 45% - 50% - 3:36
PK3 Forward
1 - 0% - 50%
2 - 0% - 50%
PK3 Defense
1 - 0% - 50%
2 - 0% - 50%
44 Forward
1 - 0% - 50%
2 - 0% - 50%
44 Defense
1 - 0% - 50%
2 - 0% - 50%
Last Minute Offensive - 0:00
Last Minute Defensive - 1:15
Total
Forward - 60:00
Defense - 60:00
|
Play-by-Play
1st period
0:01 of 1st period - Anze Kopitar wins face-off versus Robert Thomas in neutral zone.
0:04 of 1st period - Elias Pettersson is hit by Hampus Lindholm and loses puck.
0:31 of 1st period - Snap shot by Trevor Moore.
0:31 of 1st period - Stopped by Connor Hellebuyck with a rebound.
0:39 of 1st period - Michael Matheson is hit by Jake Guentzel and loses puck.
0:56 of 1st period - Snap shot by Robert Thomas.
0:56 of 1st period - Stopped by Jeremy Swayman with a rebound.
1:30 of 1st period - Slapshot by Robert Thomas.
1:30 of 1st period - Shot Misses the Net.
1:32 of 1st period - Slapshot by Colton Parayko.
1:32 of 1st period - Stopped by Jeremy Swayman with a rebound.
1:36 of 1st period - Snap shot by Jake Guentzel.
1:36 of 1st period - Shot Blocked by Michael Matheson.
1:38 of 1st period - Wrist shot by Elias Pettersson.
1:38 of 1st period - Stopped by Jeremy Swayman without a rebound.
1:39 of 1st period - Roope Hintz wins face-off versus Claude Giroux in Tampa Bay Lightning zone.
1:54 of 1st period - Wrist shot by Travis Konecny.
1:54 of 1st period - Shot Misses the Net.
1:56 of 1st period - Slapshot by Brent Burns.
1:56 of 1st period - Shot Misses the Net.
2:06 of 1st period - Brent Burns is hit by Elias Lindholm and loses puck.
2:13 of 1st period - Slapshot by TJ Brodie.
2:13 of 1st period - Shot Blocked by Tage Thompson.
2:39 of 1st period - Wrist shot by Lars Eller.
2:39 of 1st period - Shot Misses the Net.
4:35 of 1st period - Elias Pettersson is hit by Michael Matheson and loses puck.
4:51 of 1st period - Jaccob Slavin is hit by Darnell Nurse and loses puck.
5:04 of 1st period - Wrist shot by Yanni Gourde.
5:04 of 1st period - Shot Blocked by Moritz Seider.
5:10 of 1st period - Alex Pietrangelo is hit by Hampus Lindholm and loses puck.
5:32 of 1st period - Alex Pietrangelo is hit by Darnell Nurse.
6:31 of 1st period - Brent Burns is hit by Alex Tuch and loses puck.
6:42 of 1st period - Robert Thomas is hit by Travis Konecny and loses puck.
7:40 of 1st period - Snap shot by Alexander Kerfoot.
7:40 of 1st period - Stopped by Connor Hellebuyck without a rebound.
7:41 of 1st period - Claude Giroux wins face-off versus Johnny Gaudreau in St.Louis Blues zone.
7:52 of 1st period - Snap shot by Alex Tuch.
7:52 of 1st period - Shot Misses the Net.
8:15 of 1st period - Snap shot by Kirill Kaprizov.
8:15 of 1st period - Deflect By Jonathan Huberdeau.
8:15 of 1st period - Shot Misses the Net.
8:15 of 1st period - Puck is out of play.
8:16 of 1st period - Anze Kopitar wins face-off versus Robert Thomas in St.Louis Blues zone.
8:19 of 1st period - Wrist shot by Kirill Kaprizov.
8:19 of 1st period - Stopped by Connor Hellebuyck with a rebound.
8:53 of 1st period - Snap shot by Roope Hintz.
8:53 of 1st period - Shot Misses the Net.
8:59 of 1st period - Minor Penalty to Alex Tuch for Cross-checking.
9:00 of 1st period - Roope Hintz wins face-off versus Lars Eller in St.Louis Blues zone.
9:25 of 1st period - Lars Eller is hit by Darnell Nurse and loses puck.
10:04 of 1st period - Snap shot by Travis Konecny.
10:04 of 1st period - Shot Misses the Net.
10:16 of 1st period - Snap shot by Kirill Kaprizov.
10:16 of 1st period - Stopped by Connor Hellebuyck without a rebound.
10:17 of 1st period - Roope Hintz wins face-off versus Elias Lindholm in St.Louis Blues zone.
10:22 of 1st period - Wrist shot by Gustav Nyquist.
10:22 of 1st period - Stopped by Connor Hellebuyck without a rebound.
10:23 of 1st period - Elias Lindholm wins face-off versus Roope Hintz in St.Louis Blues zone.
10:59 of 1st period - Penalty to Alex Tuch is over, Alex Tuch is back on ice.
11:10 of 1st period - Wrist shot by Logan O'Connor.
11:10 of 1st period - Deflect By Alex Tuch.
11:10 of 1st period - Stopped by Jeremy Swayman without a rebound.
11:11 of 1st period - Robert Thomas wins face-off versus Anze Kopitar in Tampa Bay Lightning zone.
11:14 of 1st period - Snap shot by Elias Pettersson.
11:14 of 1st period - Shot Misses the Net.
11:20 of 1st period - Mikhail Sergachev is hit by Jonathan Huberdeau and loses puck.
11:37 of 1st period - Michael Matheson is hit by Mikhail Sergachev and loses puck.
11:44 of 1st period - Wrist shot by Dylan Cozens.
11:44 of 1st period - Stopped by Connor Hellebuyck with a rebound.
11:58 of 1st period - Wrist shot by Claude Giroux.
11:58 of 1st period - Shot Blocked by Moritz Seider.
12:04 of 1st period - Jaccob Slavin is hit by Gustav Nyquist and loses puck.
12:21 of 1st period - Snap shot by Gustav Nyquist.
12:21 of 1st period - Shot Misses the Net.
12:23 of 1st period - Snap shot by Brent Burns.
12:23 of 1st period - Stopped by Connor Hellebuyck without a rebound.
12:24 of 1st period - Roope Hintz wins face-off versus Lars Eller in St.Louis Blues zone.
12:25 of 1st period - Snap shot by Johnny Gaudreau.
12:25 of 1st period - Stopped by Connor Hellebuyck with a rebound.
12:27 of 1st period - Slapshot by Travis Konecny.
12:27 of 1st period - Deflect By Johnny Gaudreau.
12:27 of 1st period - Shot Blocked by Alex Pietrangelo.
12:27 of 1st period - Puck is out of play.
12:28 of 1st period - Roope Hintz wins face-off versus Robert Thomas in St.Louis Blues zone.
14:24 of 1st period - Elias Lindholm is hit by Dylan Cozens and loses puck.
14:41 of 1st period - Wrist shot by Anze Kopitar.
14:41 of 1st period - Stopped by Connor Hellebuyck without a rebound.
14:42 of 1st period - Anze Kopitar wins face-off versus Robert Thomas in St.Louis Blues zone.
15:05 of 1st period - Minor Penalty to Hampus Lindholm for High sticking.
15:06 of 1st period - Jason Dickinson wins face-off versus Robert Thomas in Tampa Bay Lightning zone.
15:58 of 1st period - Slapshot by Claude Giroux.
15:58 of 1st period - Stopped by Jeremy Swayman with a rebound.
16:00 of 1st period - Slapshot by Elias Lindholm.
16:00 of 1st period - Shot Blocked by Michael Matheson.
17:05 of 1st period - Penalty to Hampus Lindholm is over, Hampus Lindholm is back on ice.
17:17 of 1st period - Jake Sanderson is hit by Moritz Seider and loses puck.
17:49 of 1st period - Mikhail Sergachev is hit by Alexander Kerfoot and loses puck.
18:23 of 1st period - Icing by Nick Leddy.
18:24 of 1st period - Claude Giroux wins face-off versus Anze Kopitar in St.Louis Blues zone.
18:51 of 1st period - Alex Pietrangelo is hit by Darnell Nurse and loses puck.
19:17 of 1st period - Slapshot by Claude Giroux.
19:17 of 1st period - Stopped by Jeremy Swayman without a rebound.
19:18 of 1st period - Alex Tuch wins face-off versus Anze Kopitar in Tampa Bay Lightning zone.
Goals for this period are 0 for Tampa Bay Lightning vs 0 for St.Louis Blues.
Shots for this period are 9 for Tampa Bay Lightning vs 6 for St.Louis Blues.
2nd period
0:01 of 2nd period - Anze Kopitar wins face-off versus Robert Thomas in neutral zone.
1:18 of 2nd period - Michael Matheson is hit by Jake Sanderson and loses puck.
2:04 of 2nd period - Snap shot by Mark Stone.
2:04 of 2nd period - Shot Misses the Net.
2:12 of 2nd period - Snap shot by Kirill Kaprizov.
2:12 of 2nd period - Stopped by Connor Hellebuyck without a rebound.
2:13 of 2nd period - Robert Thomas wins face-off versus Roope Hintz in St.Louis Blues zone.
2:20 of 2nd period - Snap shot by Johnny Gaudreau.
2:20 of 2nd period - Shot Blocked by Robert Thomas.
2:48 of 2nd period - Trevor Moore is hit by Nick Leddy and loses puck.
3:15 of 2nd period - Snap shot by Elias Lindholm.
3:15 of 2nd period - Stopped by Jeremy Swayman with a rebound.
3:17 of 2nd period - Snap shot by Dakota Joshua.
3:17 of 2nd period - Shot Blocked by Alexander Kerfoot.
3:19 of 2nd period - Snap shot by Elias Lindholm.
3:19 of 2nd period - Stopped by Jeremy Swayman without a rebound.
3:20 of 2nd period - Robert Thomas wins face-off versus Roope Hintz in Tampa Bay Lightning zone.
3:21 of 2nd period - Snap shot by Jake Guentzel.
3:21 of 2nd period - Stopped by Jeremy Swayman without a rebound.
3:22 of 2nd period - Robert Thomas wins face-off versus Roope Hintz in Tampa Bay Lightning zone.
3:33 of 2nd period - Wrist shot by Jake Guentzel.
3:33 of 2nd period - Shot Blocked by Roope Hintz.
4:01 of 2nd period - Snap shot by Dylan Cozens.
4:01 of 2nd period - Deflect By Jason Dickinson.
4:01 of 2nd period - Shot Misses the Net.
4:01 of 2nd period - Puck is out of play.
4:02 of 2nd period - Elias Lindholm wins face-off versus Gustav Nyquist in St.Louis Blues zone.
4:32 of 2nd period - Snap shot by Tage Thompson.
4:32 of 2nd period - Stopped by Jeremy Swayman without a rebound.
4:33 of 2nd period - Robert Thomas wins face-off versus Roope Hintz in Tampa Bay Lightning zone.
4:36 of 2nd period - Snap shot by Robert Thomas.
4:36 of 2nd period - Stopped by Jeremy Swayman without a rebound.
4:37 of 2nd period - Robert Thomas wins face-off versus Travis Konecny in Tampa Bay Lightning zone.
4:47 of 2nd period - Off-side.
4:48 of 2nd period - Robert Thomas wins face-off versus Roope Hintz in neutral zone.
5:15 of 2nd period - Dakota Joshua is hit by Hampus Lindholm and loses puck.
5:54 of 2nd period - Wrist shot by Kirill Kaprizov.
5:54 of 2nd period - Shot Misses the Net.
6:08 of 2nd period - Slapshot by Anze Kopitar.
6:08 of 2nd period - Shot Blocked by Jaccob Slavin.
6:10 of 2nd period - Snap shot by Kirill Kaprizov.
6:10 of 2nd period - Stopped by Connor Hellebuyck without a rebound.
6:11 of 2nd period - Robert Thomas wins face-off versus Roope Hintz in St.Louis Blues zone.
6:43 of 2nd period - Trevor Moore is hit by Dakota Joshua and loses puck.
7:09 of 2nd period - Minor Penalty to Alex Tuch for Interference.
7:10 of 2nd period - Anze Kopitar wins face-off versus Dakota Joshua in St.Louis Blues zone.
7:10 of 2nd period - Snap shot by Kirill Kaprizov.
7:10 of 2nd period - Shot Misses the Net.
7:12 of 2nd period - Snap shot by Kirill Kaprizov.
7:12 of 2nd period - Stopped by Connor Hellebuyck without a rebound.
7:13 of 2nd period - Anze Kopitar wins face-off versus Dakota Joshua in St.Louis Blues zone.
7:50 of 2nd period - Snap shot by Gustav Nyquist.
7:50 of 2nd period - Shot Blocked by Colton Parayko.
8:10 of 2nd period - Lars Eller is hit by Moritz Seider and loses puck.
8:21 of 2nd period - Snap shot by Johnny Gaudreau.
8:21 of 2nd period - Stopped by Connor Hellebuyck with a rebound.
8:23 of 2nd period - Wrist shot by Johnny Gaudreau.
8:23 of 2nd period - Shot Misses the Net.
9:09 of 2nd period - Penalty to Alex Tuch is over, Alex Tuch is back on ice.
9:11 of 2nd period - Snap shot by Elias Lindholm.
9:11 of 2nd period - Shot Misses the Net.
9:13 of 2nd period - Wrist shot by Colton Parayko.
9:13 of 2nd period - Stopped by Jeremy Swayman with a rebound.
9:37 of 2nd period - Snap shot by Elias Lindholm.
9:37 of 2nd period - Stopped by Jeremy Swayman without a rebound.
9:38 of 2nd period - Anze Kopitar wins face-off versus Robert Thomas in Tampa Bay Lightning zone.
9:52 of 2nd period - Off-side.
9:53 of 2nd period - Anze Kopitar wins face-off versus Robert Thomas in neutral zone.
10:00 of 2nd period - Robert Thomas is hit by Anze Kopitar.
11:17 of 2nd period - Snap shot by Yanni Gourde.
11:17 of 2nd period - Stopped by Jeremy Swayman with a rebound.
11:25 of 2nd period - Minor Penalty to Hampus Lindholm for Tripping.
11:26 of 2nd period - Robert Thomas wins face-off versus Jason Dickinson in Tampa Bay Lightning zone.
11:31 of 2nd period - Slapshot by Robert Thomas.
11:31 of 2nd period - Shot Blocked by Trevor Moore.
11:41 of 2nd period - Alexander Kerfoot is hit by Robert Thomas and loses puck.
11:53 of 2nd period - Off-side.
11:54 of 2nd period - Jason Dickinson wins face-off versus Elias Lindholm in neutral zone.
12:05 of 2nd period - Slapshot by Jason Dickinson.
12:05 of 2nd period - Stopped by Connor Hellebuyck with a rebound.
12:07 of 2nd period - Snap shot by Trevor Moore.
12:07 of 2nd period - Shot Misses the Net.
12:09 of 2nd period - Slapshot by Brent Burns.
12:09 of 2nd period - Shot Blocked by Dakota Joshua.
12:19 of 2nd period - Moritz Seider is hit by Jake Guentzel and loses puck.
12:24 of 2nd period - Slapshot by Elias Pettersson.
12:24 of 2nd period - Goal by Elias Pettersson - Tampa Bay Lightning : 0 - St.Louis Blues : 1.
12:25 of 2nd period - Robert Thomas wins face-off versus Roope Hintz in neutral zone.
12:30 of 2nd period - Snap shot by Jake Guentzel.
12:30 of 2nd period - Stopped by Jeremy Swayman with a rebound.
12:38 of 2nd period - Snap shot by Travis Konecny.
12:38 of 2nd period - Shot Misses the Net.
12:40 of 2nd period - Wrist shot by Roope Hintz.
12:40 of 2nd period - Stopped by Connor Hellebuyck without a rebound.
12:41 of 2nd period - Elias Lindholm wins face-off versus Anze Kopitar in St.Louis Blues zone.
12:41 of 2nd period - Elias Lindholm is hit by Jonathan Huberdeau.
13:06 of 2nd period - Colton Parayko is hit by Travis Konecny and loses puck.
13:11 of 2nd period - Slapshot by Roope Hintz.
13:11 of 2nd period - Stopped by Connor Hellebuyck without a rebound.
13:12 of 2nd period - Robert Thomas wins face-off versus Roope Hintz in St.Louis Blues zone.
13:38 of 2nd period - Kirill Kaprizov is hit by Mark Stone and loses puck.
13:49 of 2nd period - Backhand shot by Jonathan Huberdeau.
13:49 of 2nd period - Stopped by Connor Hellebuyck without a rebound.
13:50 of 2nd period - Tage Thompson wins face-off versus Roope Hintz in St.Louis Blues zone.
13:57 of 2nd period - Snap shot by Elias Lindholm.
13:57 of 2nd period - Stopped by Jeremy Swayman with a rebound.
15:28 of 2nd period - Off-side.
15:29 of 2nd period - Roope Hintz wins face-off versus Robert Thomas in neutral zone.
16:06 of 2nd period - Snap shot by Mark Stone.
16:06 of 2nd period - Goal by Mark Stone - Tampa Bay Lightning : 0 - St.Louis Blues : 2.
16:07 of 2nd period - Robert Thomas wins face-off versus Roope Hintz in neutral zone.
16:16 of 2nd period - Snap shot by Robert Thomas.
16:16 of 2nd period - Stopped by Jeremy Swayman with a rebound.
16:18 of 2nd period - Minor Penalty to Darnell Nurse for Slashing.
16:19 of 2nd period - Robert Thomas wins face-off versus Dylan Cozens in Tampa Bay Lightning zone.
16:53 of 2nd period - Wrist shot by Elias Lindholm.
16:53 of 2nd period - Stopped by Jeremy Swayman with a rebound.
16:55 of 2nd period - Snap shot by Dakota Joshua.
16:55 of 2nd period - Shot Blocked by Jason Dickinson.
16:57 of 2nd period - Wrist shot by Mark Stone.
16:57 of 2nd period - Deflect By Brent Burns.
16:57 of 2nd period - Stopped by Jeremy Swayman with a rebound.
17:46 of 2nd period - Jason Dickinson is hit by Mark Stone and loses puck.
18:18 of 2nd period - Penalty to Darnell Nurse is over, Darnell Nurse is back on ice.
18:33 of 2nd period - Snap shot by Yanni Gourde.
18:33 of 2nd period - Stopped by Jeremy Swayman with a rebound.
18:35 of 2nd period - Slapshot by Alex Tuch.
18:35 of 2nd period - Stopped by Jeremy Swayman without a rebound.
18:36 of 2nd period - Roope Hintz wins face-off versus Lars Eller in Tampa Bay Lightning zone.
18:54 of 2nd period - Mikhail Sergachev is hit by Travis Konecny and loses puck.
19:41 of 2nd period - Wrist shot by Trevor Moore.
19:41 of 2nd period - Stopped by Connor Hellebuyck with a rebound.
19:43 of 2nd period - Snap shot by Brent Burns.
19:43 of 2nd period - Deflect By Alex Pietrangelo.
19:43 of 2nd period - Stopped by Connor Hellebuyck without a rebound.
19:44 of 2nd period - Claude Giroux wins face-off versus Roope Hintz in St.Louis Blues zone.
Goals for this period are 0 for Tampa Bay Lightning vs 2 for St.Louis Blues.
Shots for this period are 10 for Tampa Bay Lightning vs 17 for St.Louis Blues.
3rd period
0:01 of 3rd period - Roope Hintz wins face-off versus Robert Thomas in neutral zone.
0:26 of 3rd period - Darnell Nurse is hit by Tage Thompson and loses puck.
0:42 of 3rd period - Snap shot by Travis Konecny.
0:42 of 3rd period - Stopped by Connor Hellebuyck without a rebound.
0:43 of 3rd period - Anze Kopitar wins face-off versus Claude Giroux in St.Louis Blues zone.
0:49 of 3rd period - Penalty Shot by Jake Sanderson for St.Louis Blues.
0:49 of 3rd period - Wrist shot by Jake Sanderson.
0:49 of 3rd period - Stopped by Jeremy Swayman.
0:50 of 3rd period - Elias Pettersson wins face-off versus Anze Kopitar in St.Louis Blues zone.
0:50 of 3rd period - Elias Pettersson is hit by Kirill Kaprizov.
0:57 of 3rd period - Backhand shot by Anze Kopitar.
0:57 of 3rd period - Shot Misses the Net.
0:59 of 3rd period - Wrist shot by Kirill Kaprizov.
0:59 of 3rd period - Stopped by Connor Hellebuyck with a rebound.
1:01 of 3rd period - Slapshot by Michael Matheson.
1:01 of 3rd period - Stopped by Connor Hellebuyck with a rebound.
1:03 of 3rd period - Slapshot by Anze Kopitar.
1:03 of 3rd period - Deflect By Jonathan Huberdeau.
1:03 of 3rd period - Stopped by Connor Hellebuyck with a rebound.
1:05 of 3rd period - Backhand shot by Anze Kopitar.
1:05 of 3rd period - Deflect By Jonathan Huberdeau.
1:05 of 3rd period - Deflect By Jake Guentzel.
1:05 of 3rd period - Shot Misses the Net.
1:05 of 3rd period - Puck is out of play.
1:06 of 3rd period - Roope Hintz wins face-off versus Claude Giroux in St.Louis Blues zone.
1:37 of 3rd period - Snap shot by Jake Guentzel.
1:37 of 3rd period - Stopped by Jeremy Swayman without a rebound.
1:38 of 3rd period - Anze Kopitar wins face-off versus Robert Thomas in Tampa Bay Lightning zone.
1:43 of 3rd period - Slapshot by Michael Matheson.
1:43 of 3rd period - Stopped by Connor Hellebuyck with a rebound.
1:45 of 3rd period - Slapshot by Jonathan Huberdeau.
1:45 of 3rd period - Stopped by Connor Hellebuyck without a rebound.
1:46 of 3rd period - Anze Kopitar wins face-off versus Robert Thomas in St.Louis Blues zone.
2:06 of 3rd period - Snap shot by Kirill Kaprizov.
2:06 of 3rd period - Stopped by Connor Hellebuyck without a rebound.
2:07 of 3rd period - Claude Giroux wins face-off versus Roope Hintz in St.Louis Blues zone.
2:33 of 3rd period - Kirill Kaprizov is hit by Elias Pettersson and loses puck.
3:02 of 3rd period - Snap shot by Dylan Cozens.
3:02 of 3rd period - Stopped by Connor Hellebuyck with a rebound.
3:04 of 3rd period - Minor Penalty to Dakota Joshua for Tripping.
3:05 of 3rd period - Elias Lindholm wins face-off versus Anze Kopitar in St.Louis Blues zone.
3:13 of 3rd period - Icing by Anze Kopitar.
3:14 of 3rd period - Anze Kopitar wins face-off versus Elias Lindholm in Tampa Bay Lightning zone.
3:24 of 3rd period - Slapshot by Travis Konecny.
3:24 of 3rd period - Shot Misses the Net.
3:26 of 3rd period - Slapshot by Brent Burns.
3:26 of 3rd period - Shot Blocked by Colton Parayko.
3:28 of 3rd period - Snap shot by Kirill Kaprizov.
3:28 of 3rd period - Shot Misses the Net.
3:52 of 3rd period - Slapshot by Kirill Kaprizov.
3:52 of 3rd period - Stopped by Connor Hellebuyck with a rebound.
3:54 of 3rd period - Snap shot by Kirill Kaprizov.
3:54 of 3rd period - Stopped by Connor Hellebuyck without a rebound.
3:55 of 3rd period - Lars Eller wins face-off versus Roope Hintz in St.Louis Blues zone.
4:08 of 3rd period - Wrist shot by Johnny Gaudreau.
4:08 of 3rd period - Stopped by Connor Hellebuyck without a rebound.
4:09 of 3rd period - Logan O'Connor wins face-off versus Roope Hintz in St.Louis Blues zone.
5:04 of 3rd period - Penalty to Dakota Joshua is over, Dakota Joshua is back on ice.
5:20 of 3rd period - Off-side.
5:21 of 3rd period - Roope Hintz wins face-off versus Claude Giroux in neutral zone.
5:53 of 3rd period - Wrist shot by Jason Dickinson.
5:53 of 3rd period - Shot Misses the Net.
5:55 of 3rd period - Wrist shot by Dylan Cozens.
5:55 of 3rd period - Deflect By Trevor Moore.
5:55 of 3rd period - Shot Misses the Net.
5:55 of 3rd period - Puck is out of play.
5:56 of 3rd period - Robert Thomas wins face-off versus Jason Dickinson in St.Louis Blues zone.
6:07 of 3rd period - Snap shot by Elias Pettersson.
6:07 of 3rd period - Stopped by Jeremy Swayman with a rebound.
6:21 of 3rd period - Wrist shot by Dylan Cozens.
6:21 of 3rd period - Goal by Dylan Cozens - Tampa Bay Lightning : 1 - St.Louis Blues : 2.
6:22 of 3rd period - Roope Hintz wins face-off versus Robert Thomas in neutral zone.
6:27 of 3rd period - Snap shot by Roope Hintz.
6:27 of 3rd period - Stopped by Connor Hellebuyck without a rebound.
6:28 of 3rd period - Robert Thomas wins face-off versus Roope Hintz in St.Louis Blues zone.
6:55 of 3rd period - Off-side.
6:56 of 3rd period - Anze Kopitar wins face-off versus Elias Lindholm in neutral zone.
6:58 of 3rd period - Minor Penalty to Anze Kopitar for Roughing.
6:59 of 3rd period - Dylan Cozens wins face-off versus Robert Thomas in Tampa Bay Lightning zone.
8:58 of 3rd period - Penalty to Anze Kopitar is over, Anze Kopitar is back on ice.
9:15 of 3rd period - Slapshot by Logan O'Connor.
9:15 of 3rd period - Deflect By Lars Eller.
9:15 of 3rd period - Stopped by Jeremy Swayman without a rebound.
9:16 of 3rd period - Lars Eller wins face-off versus Roope Hintz in Tampa Bay Lightning zone.
9:31 of 3rd period - Jake Sanderson is hit by Roope Hintz.
9:43 of 3rd period - Anze Kopitar is hit by Alex Tuch and loses puck.
9:57 of 3rd period - Icing by Anze Kopitar.
9:58 of 3rd period - Robert Thomas wins face-off versus Anze Kopitar in Tampa Bay Lightning zone.
10:09 of 3rd period - Slapshot by Elias Pettersson.
10:09 of 3rd period - Stopped by Jeremy Swayman with a rebound.
10:11 of 3rd period - Wrist shot by Elias Pettersson.
10:11 of 3rd period - Deflect By Robert Thomas.
10:11 of 3rd period - Stopped by Jeremy Swayman without a rebound.
10:12 of 3rd period - Robert Thomas wins face-off versus Roope Hintz in Tampa Bay Lightning zone.
10:13 of 3rd period - Wrist shot by Jake Guentzel.
10:13 of 3rd period - Stopped by Jeremy Swayman with a rebound.
10:48 of 3rd period - Wrist shot by Anze Kopitar.
10:48 of 3rd period - Shot Misses the Net.
10:50 of 3rd period - Wrist shot by Anze Kopitar.
10:50 of 3rd period - Stopped by Connor Hellebuyck without a rebound.
10:51 of 3rd period - Roope Hintz wins face-off versus Claude Giroux in St.Louis Blues zone.
10:52 of 3rd period - Wrist shot by Johnny Gaudreau.
10:52 of 3rd period - Stopped by Connor Hellebuyck with a rebound.
11:18 of 3rd period - Kirill Kaprizov is hit by Jake Guentzel.
11:56 of 3rd period - Colton Parayko is hit by Moritz Seider and loses puck.
12:33 of 3rd period - Slapshot by Alexander Kerfoot.
12:33 of 3rd period - Deflect By Gustav Nyquist.
12:33 of 3rd period - Shot Misses the Net.
12:33 of 3rd period - Puck is out of play.
12:34 of 3rd period - Anze Kopitar wins face-off versus Robert Thomas in St.Louis Blues zone.
12:37 of 3rd period - Wrist shot by Anze Kopitar.
12:37 of 3rd period - Shot Misses the Net.
13:00 of 3rd period - Mark Stone is hit by Johnny Gaudreau.
13:04 of 3rd period - Slapshot by Mikhail Sergachev.
13:04 of 3rd period - Shot Misses the Net.
13:26 of 3rd period - TJ Brodie is hit by Logan O'Connor and loses puck.
13:47 of 3rd period - Slapshot by Elias Pettersson.
13:47 of 3rd period - Shot Blocked by Jonathan Huberdeau.
14:27 of 3rd period - Wrist shot by Elias Pettersson.
14:27 of 3rd period - Stopped by Jeremy Swayman without a rebound.
14:28 of 3rd period - Alexander Kerfoot wins face-off versus Elias Pettersson in Tampa Bay Lightning zone.
15:07 of 3rd period - Snap shot by Anze Kopitar.
15:07 of 3rd period - Shot Blocked by Nick Leddy.
15:24 of 3rd period - Slapshot by Darnell Nurse.
15:24 of 3rd period - Shot Misses the Net.
15:30 of 3rd period - Backhand shot by Roope Hintz.
15:30 of 3rd period - Shot Blocked by Alex Pietrangelo.
15:32 of 3rd period - Minor Penalty to Yanni Gourde for Tripping.
15:33 of 3rd period - Anze Kopitar wins face-off versus Lars Eller in St.Louis Blues zone.
15:47 of 3rd period - Logan O'Connor is hit by Travis Konecny and loses puck.
17:32 of 3rd period - Penalty to Yanni Gourde is over, Yanni Gourde is back on ice.
17:46 of 3rd period - Elias Pettersson is hit by Trevor Moore and loses puck.
17:51 of 3rd period - Snap shot by Dylan Cozens.
17:51 of 3rd period - Shot Misses the Net.
18:15 of 3rd period - Snap shot by Mark Stone.
18:15 of 3rd period - Stopped by Jeremy Swayman without a rebound.
18:16 of 3rd period - Claude Giroux wins face-off versus Dylan Cozens in Tampa Bay Lightning zone.
19:05 of 3rd period - Tampa Bay Lightning, Jeremy Swayman is pulled from the net.
19:15 of 3rd period - Slapshot by Anze Kopitar.
19:15 of 3rd period - Shot Blocked by Jaccob Slavin.
19:27 of 3rd period - Slapshot by Elias Lindholm.
19:27 of 3rd period - Shot Blocked by Kirill Kaprizov.
19:39 of 3rd period - Anze Kopitar is hit by Jake Sanderson and loses puck.
Goals for this period are 1 for Tampa Bay Lightning vs 0 for St.Louis Blues.
Shots for this period are 15 for Tampa Bay Lightning vs 8 for St.Louis Blues.
Back to the Top